Description

I'm going to continue to keep it relatively simple for the influx of newer players that we have in the game and on the sub, so this week we're sticking with the safe oracle openers but now we're going into the more common PvZ unit comp which is chargelot/immortal/archon. For anyone who is capable of doing it, this build also has an archon drop follow up to the oracle opening to keep the pressure on the zerg if they're being greedy. This is probably the safest and most standard PvZ style right now that doesn't open for gladepts (which will most likely be featured next PvZ) so it's a great style to emulate if you're having problems vs zerg.

VOD

https://www.twitch.tv/videos/211086744?t=1h36m57s

Replay - Abyssal Reef LE (234)

Build Order

Get SALT Encoding   

  12  0:00  Probe  
  13  0:12  Probe  
  14  0:18  Pylon  
  14  0:25  Probe (Chrono Boost)  
  15  0:39  Gateway  
  15  0:41  Probe x2 (Chrono Boost)  
  16  0:47  Assimilator  
  17  0:51  Probe  
  18  1:03  Probe  
  19  1:15  Probe  
  20  1:25  Nexus  
  20  1:34  Cybernetics Core  
  20  1:37  Probe  
  21  1:44  Assimilator  
  21  1:49  Probe  
  21  1:52  Pylon  
  23  2:11  Warp Gate  
  23  2:12  Adept (Chrono Boost)  
  29  2:31  Adept (Chrono Boost)  
  29  2:34  Stargate  
  33  2:51  Adept  
  38  3:13  Oracle (Chrono Boost)  
  43  3:20  Pylon  
  44  3:28  Pylon  
  45  3:37  Gateway  
  46  3:44  Gateway  
  47  3:54  Phoenix (Chrono Boost)  
  51  3:59  Assimilator x2  
  51  4:09  Pylon  
  53  4:12  Robotics Facility  
  53  4:13  Oracle (Chrono Boost)  
  60  4:40  Twilight Council  
  60  4:41  Gateway  
  61  4:45  Zealot x3  
  67  5:00  Nexus  
  67  5:05  Warp Prism  
  71  5:20  Templar Archives  
  71  5:26  Charge (Chrono Boost)  
  73  5:41  Forge  
  73  5:42  Gateway x2  
  77  6:01  High Templar x4  
  85  6:07  Archon x2  
  87  6:12  Immortal  
  87  6:17  Psionic Storm  
  92  6:25  Assimilator x2  
  97  6:45  Gateway x2  
  100  6:56  Immortal  
  106  7:01  High Templar x2  
  106  7:05  Zealot x4  
  121  7:25  Robotics Facility, Gateway x2  
  126  7:39  High Templar x2  
  126  7:41  Zealot  
  132  7:52  Nexus  
  132  7:54  High Templar x2  
  136  7:58  Archon  
Spawning Tool Build Advisor. Get it on Overwolf

Analysis


Build Explanation


Welcome to This Week in Chrono Timings, brought to you by your host: Gemini

With the recent change to chronoboost making it be a 50% boost over 20 seconds instead of a 100% boost over 10 seconds, it completely rules out chrono before pylon being a thing. You should always do chrono after your pylon finishes except in PvP where you'll want to do it sometime between your first and second gasses so that you can fit them both in early enough. You then want to save your 2nd chrono in PvZ and PvT just in case they're doing any sort of one base all ins or proxies. Saving it in PvP is just dependent on if you want to do a double gateway chrono or just leave one to go on WG. In PvT and PvZ you then wait until your 2nd pylon is done to chrono next (which will be your first gateway unit) and then depending on the build you either use the other banked chrono on probes or on another gateway unit. Now back to your regularly scheduled educational content, back to you Gemini.

Wow thanks Gemini. Like I mentioned in the intro, I'm keeping these builds as simple and solid as possible to give everyone new a good overview of the most basic styles in each match up. Since the last PvZ macro build was stargate into blink colossus, this one is an updated stargate build into chargelot/immortal/archon which is the more common PvZ composition as of the last year to year and a half. You start off with the normal 20 Nexus (I still prefer going 19 Nexus to get stuff down earlier, but you lose like the tinniest bit of gas mining with this, but that's solved by putting an extra probe in gas earlier) and a chronod first and second adept for scouting purposes. Small note: Stats goes for Stargate and both adepts before starting WG as a way to cut corners, if you want to be a little greedier then feel free to do this. Sending the shade through the mineral line allows you to check their drone count and if it's lower than 10 when your first adept gets there and doesn't increase by the time the 2nd adept comes, then they're most likely doing something aggressive even if they have a 3rd hatch. Otherwise they're playing normal and you'll see a healthy drone count. From there your oracle will be coming across and your adepts will be back home with their 3rd sibling that came out while they were gone so that you're safe vs any early pressure. From there you get a phoenix to clear out any overlords and two gates to finish your wall off and to reinforce and then a 2nd oracle to keep up the pressure while you expand.

Just before you expand you'll need to set up your follow up. A robo, twilight council, and fourth gateway all come up before your 3rd Nexus to set up an archon drop to keep the pressure up vs the zerg and abuse any potential greediness out of them. This part of the build is an example of something that is NOT necessary for the majority of players to do. If you don't think you can pull off the multitasking required to use oracles and a prism while macroing back home, then don't. This is for people wanting to push themselves to better their multitasking skills or for people who are already capable of doing this. If you want to instead just make two archons to keep home to keep your expansion extra safe and use the robo for observers or earlier immortals, then that is perfectly fine.

Once you get your 3rd started you'll start charge, a forge for upgrades, and also get some extra gates to help round out your production. Remember to get storm once you have the money to, which should be around when your forge is finished, and immortal production starts when you have the money as well. A 2nd robo comes down relatively quickly for Stats this game for more immortals and if all is going well then you can get your fourth at around eight minutes.


Chargelot/Immortal/Archon: An Old Comp in a Slightly New Meta


For about as long as anyone can remember, chargelot/immortal/archon with storm has been the standard for PvZ and it continues to be about a month into patch 4.0. For zerg, hydra/bane still is very prevalent but now there's an added increase in lurker popularity again due to the fact that the lurker den can be made as an independent building now instead of an upgrade from the hydra den, and their hive tech upgrade to burrow faster is absolutely nuts. Due to this rise in lurker popularity, it has kept some protoss from switching to different compositions that go away from storm and immortals as the main damage. Chargelot/immortal/archon with storm is by far the best composition you can have vs lurker compositions since immortals stay alive for so long and deal good damage, archons also take forever to kill, storm is absurd, and chargelots can actually get on top of the lurkers unlike anything else.

With these lurker comps being more and more popular, so too does the reaction from protoss to be continuously scouting. Once lurkers are on the field it's so super important for protoss to always know where the zerg army is. Lurkers are an extremely punishing unit positionally speaking. If they get into a good choke point and you didn't see it coming then the game can simply end right there because there's no way you're getting a favorable engagement vs lurkers in a choke. The key to beating lurker comps is about army positioning and army movement. If you can see where they're going and respond quickly, then you'll be able to set up a good engagement vs them and potentially even catch them unburrowed. Going for two oracles early instead of just one helps with this as you'll have much more energy for revelation, so this is a great opportunity in this new meta to train your multitasking skills by trying to tag the enemy army as much as you can. The more you see the better you'll be able to fight it.

If neither of you are able to break each other though, the game can get a bit turtley. Mass lurker defensive play can be extremely obnoxious to break, so it's at this point that you'll need to be transitioning into carriers and SkyToss. This would also be the time to add in an extra warp prism and abuse the fact that lurkers need to reposition themselves. Unfortunately, the new upgrade makes doing that much easier, but it's still a downside that can be abused with well timed double pronged or triple pronged attacks. This game from Classic is a great example of how to handle this style and transition in the late game.

Hopefully this style gives anyone struggling with zerg a bit more success. It's even more safe vs early pressure builds with the addition of a 3rd adept and a later 3rd base. It has the potential added pressure of the archon drop after the two oracles and is the best style to go for if lurker compositions are giving you trouble. If anyone would like to see some more tricky/fun builds in future BotWs instead of these overall safe and solid builds then be sure to let me know.

Go to:

Details

Become a Patron
  • Created by: Gemini_19    
  • Published on: Dec 23, 2017
  • Patch: 4.0.0
Show
View Real Time Build Order
Export as new Build Order

Comments (3)

On Jan. 19, 2018, 12:19 a.m., Scouky  said:

The replay could be downloaded here:https://play.eslgaming.com/starcraft/global/sc2/major/masters/season-12-pyeongchang-korea-open-qualifier-stage-2/match/35579287/

Recently Classic are optimizing this strategy and using it alot in PvZ matchups in WESG

On Jan. 18, 2018, 8:05 p.m., PashkaTLT  said:

Scouky, do you have a replay or a vod?

On Jan. 1, 2018, 12:36 p.m., Scouky  said:

Good guide. I recommend a similar build from Classic vs Soo @IEM recently. It delay s the 3rd base for about 17 seconds while warping chargelots at the front line with 2 archons @6:05. IMO that build's timing is more aggressive and easy to use at ladder. You might give that a build guide too.

Create an account to comment!